Arrhythmia, neutral female human Tourist ------ |..|.-- ....| -...| |...-- |@...----- .M--......| ...---......| --- |...|..-- - ------(--|.-- . --.--...| |.| -.--.....--- |.| |........| |.| ---...---- |.- |...| |. ---.---- |. |.....-- -- |......| --....-- |..--- ---- Arrhythmia the Excursionist Experience level: 8 Strength: 17 Dexterity: 12 Constitution: 18 Intelligence: 12 Wisdom: 7 Charisma: 11 Health: 0(68) Energy: 29(29) AC: 1 Gold: 0 Moves: 4995 Your Inventory: Weapons a - 11 uncursed +2 darts (in quiver) o - an [uncursed +0] dagger [of warning] p - 9 [uncursed +0] darts s - an [uncursed +0] broad pick [dwarvish mattock] (weapon in hands) w - a [blessed +1] dagger A - 3 [blessed +0] daggers U - an uncursed [+0] runed dagger [elven] Armor d - an [uncursed +0] visored helmet [helmet] h - an [uncursed +0] hooded cloak [dwarvish] j - an [uncursed +0] pair of hard shoes [iron] k - an uncursed +0 Hawaiian shirt (being worn) u - an [uncursed +0] hooded cloak [dwarvish] v - a blessed +0 coarse mantelet [orcish cloak] (being worn) x - a blessed +0 pair of hard shoes [iron] (being worn) y - an [uncursed +0] hooded cloak [dwarvish] z - an [uncursed +0] pair of hard shoes [iron] B - a blessed +5 hard hat [dwarvish iron helm] (being worn) R - an uncursed +1 white-handed shield [Uruk-hai] Comestibles c - 2 uncursed food rations n - an uncursed partly eaten food ration N - 2 uncursed lizard corpses Scrolls V - a [blessed] scroll labeled ABRA KA DABRA [of teleportation] Potions i - 2 uncursed potions of extra healing X - an [uncursed] dark potion [of paralysis] Rings b - an [uncursed +2] wooden ring [of gain intelligence] Tools e - 2 [uncursed tallow] candles l - an uncursed expensive camera (0:52) m - an uncursed credit card t - an uncursed key [skeleton key] H - an uncursed key [skeleton key] Y - an uncursed [+0] pick-axe Z - 2 [uncursed wax] candles Gems f - 2 [uncursed] white gems [worthless glass] q - an [uncursed] black gem [worthless glass] r - an uncursed stone called Luckstone [luckstone] Spells known in the end: Name Level Category Fail Memory Your skills at the end: Fighting Skills Weapon Skills dart [Basic / Expert] Spellcasting Skills Final Attributes: You were piously aligned. Hunger level was 540. Your alignment was 34 / 34. Monster difficulty range was 1 - 8. Level difficulty was 8. You resisted poison. You were very lucky (5). You had extra luck. Bad luck did not time out for you. Good luck did not time out for you. You are dead. Vanquished creatures: a large cat a quivering blob a spotted jelly 2 leprechauns 2 lizards 2 imps a water nymph 2 Mordor orcs 11 Uruk-hai 3 enormous rats a shrieker 3 gnome lords a gray ooze 2 elf zombies a straw golem 6 dwarves a homunculus a kobold lord a rabid rat a giant bat 2 dwarf zombies 4 iguanas 2 killer bees an acid blob a gas spore 3 hobbits 2 manes 2 giant rats 5 cave spiders 4 brown molds a green mold 2 red molds 26 gnomes a garter snake a gecko 3 jackals a fox a kobold a goblin 4 sewer rats 8 grid bugs 6 lichens a kobold zombie 6 newts 132 creatures vanquished. Voluntary challenges: You used a wielded weapon 90 times. You read items or engraved 408 times. You put on armor 28 times. You never genocided any monsters. You never polymorphed an object. You never changed form. You used no wishes. You wrote Elbereth's name 93 times. You never encountered a bones level. You never used any Sokoban shortcuts. Dungeon overview: The Dungeons of Doom: levels 1 to 4 Level 1 a fountain, some sinks a long staircase Level 2 a general store, a fountain Level 3 a general store, an altar to The Lady Level 4 a general store, an altar to The Lady stairs to The Gnomish Mines The Gnomish Mines: levels 5 to 8 Level 5 stairs to The Dungeons of Doom Level 8 <- You were here History has recorded: On T:1 you entered the Dungeons of Doom to retrieve the Amulet of Yendor! On T:228 you advanced to experience level 2. On T:448 you reached level 2 of The Dungeons of Doom. On T:1120 you advanced to experience level 3. On T:1345 you reached level 3 of The Dungeons of Doom. On T:1457 you advanced to experience level 4. On T:1799 you reached level 4 of The Dungeons of Doom. On T:1987 you advanced to experience level 5. On T:2418 you reached level 1 of The Gnomish Mines. On T:2702 you advanced to experience level 6. On T:3275 you advanced to experience level 7. On T:4600 you reached level 2 of The Gnomish Mines. On T:4730 you advanced to experience level 8. On T:4875 you reached level 3 of The Gnomish Mines. On T:4926 you reached level 4 of The Gnomish Mines. Latest messages: [HP+1=29] You finish eating the gnome lord corpse. [14 turns] You see here a white gem. a - an uncursed +2 dart (in quiver). [HP+1=30] There is nothing here to pick up. You see here a white gem. f - a white gem. c - an uncursed food ration. e - a candle. [HP+1=31] The ettin mummy hits! (2x) [HP-17=14] The dart hits the ettin mummy! The ettin mummy hits! The ettin mummy misses. [HP-7=7] The dart hits the ettin mummy! The ettin mummy hits! (2x) You die... Your body rises from the dead as a human mummy... Final status: Aloha Arrhythmia the Tourist... You died in The Gnomish Mines on dungeon level 8 with 1414 points, and 0 pieces of gold, after 4995 moves. You were level 8 with a maximum of 68 hit points when you died.